Cogmind - Beta 9.6 @@@ ROGUE MODE // 2020.09.10 @ 14:11:17 Player: Carcosa Result: Destroyed by Y-45 Defender with Heavy Assault Rifle Performance ------------- Evolutions (2) 1000 Regions Visited (5) 1000 Robots Destroyed (37) 185 Value Destroyed (1110) 1110 Prototype IDs (2) 40 Alien Tech Used (0) 0 Bonus (66) 66 TOTAL SCORE: 3401 Bonus ------- Follower Combat Kills 66 Cogmind --------- Core Integrity 0/550 Matter 126/300 Energy 99/100 System Corruption 0% Temperature Cool (289) Movement Core (300) Ox5 Location -8/Storage Parts ------- > --- POWER (1) -------- (None) > --- PROPULSION (3) --- (None) > --- UTILITY (4) ------ Large Storage Unit > --- WEAPON (3) ------- (None) > --- INVENTORY (10) --- Light Ion Engine Light Nuclear Core Light Treads Light Treads Weight Redist. System Light Assault Rifle Heavy Assault Rifle Heavy Assault Rifle Rocket Launcher Peak State ------------ > --- POWER ------------ Micro Nuclear Core > --- PROPULSION ------- Light Treads Light Treads Light Treads > --- UTILITY ---------- Large Storage Unit Light Armor Plating Hardened Heavy Armor Plating > --- WEAPON ----------- Precision Beam Rifle Improved Light Cannon Gauss Cannon > --- INVENTORY -------- Light Ion Engine Light Nuclear Core Light Treads Light Treads Weight Redist. System Light Assault Rifle Heavy Assault Rifle Heavy Assault Rifle Rocket Launcher [Rating: 28] Favorites ----------- Power Micro Nuclear Core Engine Light Ion Engine Power Core Micro Nuclear Core Propulsion Light Treads Treads Light Treads Leg Aluminum Leg Utility Large Storage Unit Device Structural Scanner Storage Large Storage Unit Processor Targeting Computer Protection Light Armor Plating Weapon Improved EM Shotgun Energy Gun Improved EM Shotgun Ballistic Gun Light Assault Rifle Ballistic Cannon Gauss Cannon Launcher Rocket Launcher Impact Weapon Mace Build | -11 -10 -9 -9 -8 -8 ------- Run | Scr Mat Mat Min Mat Sto Slots Evolved 4 | . . 2 . 2 . Power . | . . . . . . Propulsion 1 | . . 1 . . . Utility 2 | . . 1 . 1 . Weapon 1 | . . . . 1 . Parts Attached 31 | 6 5 6 8 1 5 Power 3 | 1 1 . 1 . . Engine 2 | 1 1 . . . . Core 1 | . . . 1 . . Reactor . | . . . . . . Propulsion 8 | 2 . 2 3 . 1 Treads 4 | . . . 3 . 1 Leg 4 | 2 . 2 . . . Wheel . | . . . . . . Hover . | . . . . . . Flight . | . . . . . . Utility 7 | 1 2 1 1 . 2 Device 2 | . 1 . . . 1 Storage 2 | 1 1 . . . . Processor 1 | . . 1 . . . Hackware . | . . . . . . Protection 2 | . . . 1 . 1 Artifact . | . . . . . . Weapon 13 | 2 2 3 3 1 2 Energy Gun 4 | . 1 . 2 . 1 Energy Cannon . | . . . . . . Ballistic Gun 4 | 2 1 1 . . . Ballistic Cannon 2 | . . . 1 1 . Launcher 1 | . . . . . 1 Special Weapon . | . . . . . . Impact Weapon 2 | . . 2 . . . Slashing Weapon . | . . . . . . Piercing Weapon . | . . . . . . Special Melee Weapon . | . . . . . . Unidentified Prototypes 2 | . . . 1 . 1 Parts Lost 23 | . 1 3 7 . 12 Power 3 | . 1 1 . . 1 Propulsion 8 | . . 1 3 . 4 Utility 4 | . . . 1 . 3 Weapon 8 | . . 1 3 . 4 Highest Loss Streak 9 | . 1 3 4 . 9 Average Slot Usage (%) 93 | . 98 91 95 90 83 Engine 4 | . 13 8 . . . Core 4 | . . . 7 9 9 Treads 16 | . . . 28 27 21 Leg 13 | . 28 29 4 . . Device 9 | . 13 11 9 . 2 Storage 11 | . 14 11 11 9 9 Processor 7 | . . 10 11 9 1 Protection 2 | . . . 1 9 13 Energy Gun 8 | . 3 7 11 9 5 Ballistic Gun 7 | . 24 10 1 . . Ballistic Cannon 5 | . . . 5 18 17 Impact Weapon 1 | . . 3 3 . . Naked Turns . | . . . . . . Heaviest Build 60 | 12 23 25 35 39 60 Greatest Support 66 | 20 20 30 60 60 66 Greatest Overweight (x) 18 | . 1 1 1 . 18 Average Overweight (x) . | . . . . . . Largest Inventory Capacity 10 | 6 10 10 10 10 10 Average Capacity 9 | 5 6 10 10 10 10 Most Carried 10 | 4 6 10 10 10 10 Average Carried 7 | 2 3 6 8 9 9 Final Capacity 10 | 6 10 10 10 10 10 Final Carried 10 | 4 3 8 10 10 9 Class Distribution -------------------- 90% | Mutant 6% | Tank 3% | Gunner Dominant Class ---------------- Mutant | -10/Materials Mutant | -9/Materials Mutant | -9/Mines Gunner | -8/Materials Mutant | -8/Storage Resources | -11 -10 -9 -9 -8 -8 ----------- Run | Scr Mat Mat Min Mat Sto Matter Collected 734 | 194 116 136 182 . 106 Remotely . | . . . . . . Salvage Created 1307 | . 116 269 556 . 366 Parts 68 | . 7 13 27 . 21 Haulers Intercepted 1 | . . . . . 1 Recyclers Shooed . | . . . . . . Parts Field Recycled . | . . . . . . Retrieved Matter . | . . . . . . Parts Self-Destructed . | . . . . . . Prevented . | . . . . . . Kills | -11 -10 -9 -9 -8 -8 ------- Run | Scr Mat Mat Min Mat Sto Combat Hostiles Destroyed 31 | . 2 6 14 . 9 Melee 2 | . . 2 . . . Guns 17 | . 2 3 9 . 3 Cannons 5 | . . . 1 . 4 AOE 5 | . . . 3 . 2 Classes Destroyed 10 | . 2 1 5 . 2 Worker 1 | . . . 1 . . Builder 1 | . . . 1 . . Hauler 1 | . . . . . 1 Recycler 1 | . . . . . 1 Watcher 2 | . 1 . . . 1 Swarmer 7 | . . . 4 . 3 Grunt 19 | . 2 4 8 . 5 Brawler 1 | . . . 1 . . Duelist 1 | . . . 1 . . Sentry 3 | . . 2 . . 1 Best Kill Streak 6 | . 3 2 4 . 6 Combat Bots Only 4 | . 2 2 4 . 4 Max Kills in Single Turn 2 | . 1 1 2 . 2 Gunslinging . | . . . . . . Exploded 2 | . . . 2 . 1 Melee 1 | . . 1 . . . Uniques/NPCs Destroyed . | . . . . . . Combat | -11 -10 -9 -9 -8 -8 -------- Run | Scr Mat Mat Min Mat Sto Damage Taken 3246 | 1 305 476 690 . 1774 Core 837 | . 54 113 107 . 563 Absorbed by Shields . | . . . . . . Core Remaining (%) 74 | 100 78 . 45 . . Volleys Fired 96 | . 15 22 32 . 27 Largest 3 | . 2 2 2 . 3 Hottest 148 | . 40 60 93 . 148 Shots Fired 185 | . 30 36 58 . 61 Gun 115 | . 30 36 41 . 8 Cannon 68 | . . . 17 . 51 Launcher 2 | . . . . . 2 Special . | . . . . . . Kinetic 120 | . 30 21 18 . 51 Thermal 16 | . . . 9 . 7 Explosive 2 | . . . . . 2 Electromagnetic 47 | . . 15 31 . 1 Robot Hit Streak 13 | . 7 11 13 . 7 Robot Miss Streak 3 | . 1 2 2 . 3 Penetration Max . | . . . . . . Secondary Targets 2 | . 1 1 . . . Max Gunslinging Chain 1 | . 1 1 . . . Shots Hit Robots 139 | . 24 34 49 . 32 Core Hits 57 | . 6 11 22 . 18 Critical Hits 3 | . . . 1 . 2 Critical Kills 1 | . . . 1 . . Critical Parts Destroyed 2 | . . . . . 2 Melee Attacks 14 | . . 8 6 . . Impact 14 | . . 8 6 . . Slashing . | . . . . . . Piercing . | . . . . . . Sneak Attacks . | . . . . . . Combat Hostiles . | . . . . . . Follow-up Attacks . | . . . . . . Damage Inflicted 2533 | 3 228 470 931 . 901 Guns 1188 | . 227 297 532 . 132 Cannons 747 | . . . 162 . 585 Explosions 269 | . . . 85 . 184 Melee 285 | . . 171 114 . . Ramming 44 | 3 1 2 38 . . Kinetic 1123 | . 227 149 162 . 585 Thermal 232 | . . . 129 . 103 Explosive 184 | . . . . . 184 Electromagnetic 665 | . . 148 488 . 29 Impact 285 | . . 171 114 . . Slashing . | . . . . . . Piercing . | . . . . . . Highest Corruption 2 | . . 1 2 . . Average Corruption 1 | . . 1 1 . . Corruption Purged . | . . . . . . Effects 4 | . . . 4 . . Message Errors 4 | . . . 4 . . Overload Shots . | . . . . . . Overflow Damage 29 | . . . 17 . 12 Projectiles 12 | . . . . . 12 Explosions . | . . . . . . Melee 17 | . . . 17 . . Knockbacks 8 | . . . . . 8 Impact . | . . . . . . Kinetic 7 | . . . . . 7 Secondary 1 | . . . . . 1 Self-Inflicted Damage 40 | 1 . 1 38 . . Shots 1 | . . . 1 . . Rammed 8 | 2 1 1 4 . . Targets Rammed 9 | 2 1 1 5 . . Kicked . | . . . . . . Crushed 1 | . . . 1 . . Highest Temperature 929 | . 34 42 312 . 929 Average Temperature 213 | . 16 19 113 . 365 Received Heat Transfer 993 | . 177 189 177 . 450 Effects 37 | . . . . . 37 Shutdowns 8 | . . . . . 8 Energy Bleed 4 | . . . . . 4 Interference 2 | . . . . . 2 Matter Decay 3 | . . . . . 3 Short Circuit 2 | . . . . . 2 Damage (minor) 6 | . . . . . 6 Damage (major) 8 | . . . . . 8 Damage (core) 4 | . . . . . 4 Siege Activations . | . . . . . . Robots Corrupted 1 | . . 1 . . . Combat Hostiles 1 | . . 1 . . . Parts Fried 4 | . . 2 2 . . Impact Corruptions 2 | . . . 2 . . Robots Melted . | . . . . . . Combat Hostiles . | . . . . . . Parts Melted . | . . . . . . Heat Transferred 372 | . . . 150 . 222 Parts Sabotaged . | . . . . . . Parts Stolen . | . . . . . . Parts Stripped . | . . . . . . Power Chain Reactions 2 | . . . 2 . . Missiles Intercepted . | . . . . . . Alert | -11 -10 -9 -9 -8 -8 ------- Run | Scr Mat Mat Min Mat Sto Peak Influence 344 | . 77 115 180 39 344 Average Influence 75 | . 20 55 70 39 203 Maximum Alert Level 1 | . . . . . 1 Low Security (%) 89 | 100 100 100 100 100 31 Level 1 10 | . . . . . 68 Level 2 . | . . . . . . Level 3 . | . . . . . . Level 4 . | . . . . . . Level 5 . | . . . . . . High Security . | . . . . . . Max Security . | . . . . . . Squads Dispatched 3 | . . . 1 . 2 Investigation 2 | . . . 1 . 1 Extermination . | . . . . . . Reinforcement . | . . . . . . Assault . | . . . . . . Garrison 1 | . . . . . 1 Intercept . | . . . . . . Construction Impeded . | . . . . . . Haulers Reinforced . | . . . . . . Stealth | -11 -10 -9 -9 -8 -8 --------- Run | Scr Mat Mat Min Mat Sto Distress Signals 5 | . . 2 . . 3 Communications Jammed . | . . . . . . Distress Signals . | . . . . . . Times Spotted 51 | . 6 14 15 . 16 Peak Tracking Total 6 | . 4 5 4 . 6 Tactical Retreats 3 | . . 2 1 . . Traps | -11 -10 -9 -9 -8 -8 ------- Run | Scr Mat Mat Min Mat Sto Traps Triggered 1 | . . . . . 1 Indirectly . | . . . . . . Trap Hack Attempts . | . . . . . . Triggered . | . . . . . . Disarmed . | . . . . . . Reprogrammed . | . . . . . . Reused . | . . . . . . Traps Extracted . | . . . . . . Installed . | . . . . . . Triggered 1 | . . 1 . . . Machines | -11 -10 -9 -9 -8 -8 ---------- Run | Scr Mat Mat Min Mat Sto Machines Disabled 3 | . . . 2 . 1 Max in Single Turn 1 | . . . 1 . 1 Machines Sabotaged . | . . . . . . Garrisons Compromised . | . . . . . . Overloaded Fab Kills . | . . . . . . Fab Network Shutdowns . | . . . . . . Hacking | -11 -10 -9 -9 -8 -8 --------- Run | Scr Mat Mat Min Mat Sto Machines Accessed 1 | . . . 1 . . Terminals . | . . . . . . Fabricators . | . . . . . . Repair Stations . | . . . . . . Recycling Units . | . . . . . . Scanalyzers . | . . . . . . Garrison Access . | . . . . . . Total Hacks 1 | . . . 1 . . Successful 1 | . . . 1 . . Failed . | . . . . . . Catastrophic . | . . . . . . Database Lockouts . | . . . . . . Manual . | . . . . . . Terminals . | . . . . . . Fabricators . | . . . . . . Repair Stations . | . . . . . . Recycling Units . | . . . . . . Scanalyzers . | . . . . . . Garrison Access . | . . . . . . Terminal Hacks 1 | . . . 1 . . Open Door 1 | . . . 1 . . Fabricator Hacks . | . . . . . . Repair Station Hacks . | . . . . . . Recycling Unit Hacks . | . . . . . . Scanalyzer . | . . . . . . Garrison Access Hacks . | . . . . . . Unauthorized Hacks . | . . . . . . Terminals . | . . . . . . Fabricators . | . . . . . . Repair Stations . | . . . . . . Recycling Units . | . . . . . . Scanalyzers . | . . . . . . Garrison Access . | . . . . . . Data Cores Recovered . | . . . . . . Used . | . . . . . . Hacking Detections . | . . . . . . Full Trace Events . | . . . . . . Feedback Events . | . . . . . . Feedback Blocked . | . . . . . . Robot Schematics Acquired . | . . . . . . Robots Built . | . . . . . . Matter . | . . . . . . Time . | . . . . . . Total Robot Build Rating . | . . . . . . Part Schematics Acquired . | . . . . . . Parts Built . | . . . . . . Matter . | . . . . . . Time . | . . . . . . Total Part Build Rating . | . . . . . . Parts Repaired . | . . . . . . Time . | . . . . . . Parts Recycled . | . . . . . . Recycled Matter . | . . . . . . Retrieved Matter . | . . . . . . Retrieved Components . | . . . . . . Parts Scanalyzed . | . . . . . . Part Schematics Acquired . | . . . . . . Parts Damaged . | . . . . . . Bothacking | -11 -10 -9 -9 -8 -8 ------------ Run | Scr Mat Mat Min Mat Sto Used RIF Installer . | . . . . . . Robots Hacked . | . . . . . . Non-combat . | . . . . . . Combat . | . . . . . . Robot Hacks Applied . | . . . . . . Relay Couplers Released . | . . . . . . Robots Rewired . | . . . . . . Allies Hacked . | . . . . . . Hacks Repelled . | . . . . . . Allies | -11 -10 -9 -9 -8 -8 -------- Run | Scr Mat Mat Min Mat Sto Total Allies 1 | . . . 1 . . Largest Group 1 | . . . 1 1 1 Highest-Rated Group 31 | . . . 31 31 31 Highest-Rated Ally 31 | . . . 31 31 31 Total Orders . | . . . . . . Ally Attacks 15 | . . . . . 15 Total Damage 186 | . . . . . 186 Kills 2 | . . . . . 2 Allies Corrupted . | . . . . . . Allies Melted . | . . . . . . Intel | -11 -10 -9 -9 -8 -8 ------- Run | Scr Mat Mat Min Mat Sto Robot Analysis Total . | . . . . . . Derelict Logs Recovered 1 | . . . 1 . . Drone Launches . | . . . . . . Drone Recoveries . | . . . . . . Exploration | -11 -10 -9 -9 -8 -8 ------------- Run | Scr Mat Mat Min Mat Sto Turns Passed 2338 | 73 446 445 988 39 347 Spaces Moved 1291 | 54 303 228 554 23 129 Core 15 | 9 . . . . 6 Treads 590 | . . . 444 23 123 Legs 686 | 45 303 228 110 . . Wheels . | . . . . . . Hover . | . . . . . . Flight . | . . . . . . Fastest Speed 50 | 50 120 120 120 160 160 Average Speed 142 | 108 125 126 152 160 184 Slowest Speed 950 | 120 150 150 160 160 950 Overloaded Moves . | . . . . . . Propulsion Burnouts . | . . . . . . Robots Hopped . | . . . . . . Cave-ins Triggered . | . . . . . . Exploration Rate (%) 32 | 4 46 27 84 4 32 Regions Visited 5 Branch Regions 2 Pre-discovered Areas 1 | . . . 1 . . Known Exits Taken . | . . . . . . Unknown Exits Taken 5 | 1 1 1 1 1 . Scrap Searched 3 | . . . 3 . . Spaces Dug . | . . . . . . Terrain Destroyed 45 | . . . 18 . 27 Melee . | . . . . . . Projectile 23 | . . . 11 . 12 AOE 22 | . . . 7 . 15 Actions | -11 -10 -9 -9 -8 -8 --------- Run | Scr Mat Mat Min Mat Sto Total 1588 | 65 342 339 629 25 188 Wait 114 | . 13 64 16 1 20 Move 1286 | 53 302 227 553 22 129 Hop . | . . . . . . Pick Up 27 | 4 2 8 8 1 4 Fast Attach 13 | 6 2 2 2 . 1 Attach 18 | . 3 4 6 1 4 Detach 4 | . 1 2 . . 1 Swap . | . . . . . . Drop 7 | . 3 1 1 . 2 Fire 96 | . 15 22 32 . 27 Melee 14 | . . 8 6 . . Ram . | . . . . . . Kick 4 | 2 1 1 . . . Crush 5 | . . . 5 . . Escape Stasis . | . . . . . . Rewire . | . . . . . . Trap . | . . . . . . Miscellaneous . | . . . . . . Route ------- -11/Scrapyard -10/Materials (discovered 2 exits: [*Mat] / [*Min]) -9/Materials -9/Mines -8/Materials -8/Storage History --------- Turn | Location | Event 3 | -11/Scrapyard | Discovered new exit (range 15) 74 | -11/Scrapyard | Entered Materials 117 | -10/Materials | Discovered new exit (range 16) 309 | -10/Materials | Build established: Mutant 497 | -10/Materials | Discovered new exit (range 16) 520 | -10/Materials | Entered another Materials area 520 | -9/Materials | Evolved 2 slots: Propulsion x1, Utility x1 873 | -9/Materials | Lost 3 parts (1p1n1w) 959 | -9/Materials | Discovered new exit (range 6) 965 | -9/Materials | Entered Mines 1022 | -9/Mines | Received a Rocket Launcher from a helpful Derelict 1137 | -9/Mines | Lost 4 parts (3n1w) 1285 | -9/Mines | Met a Derelict shopkeep closing up shop 1797 | -9/Mines | Core integrity fell below 50% 1922 | -9/Mines | Received a Mining Laser from a helpful Derelict 1927 | -9/Mines | Learned location of Storage (-8) 1947 | -9/Mines | Discovered new exit (range 5) 1953 | -9/Mines | Entered Materials 1953 | -8/Materials | Accompanied by 1 ally 1953 | -8/Materials | Evolved 2 slots: Utility x1, Weapon x1 1960 | -8/Materials | Discovered new exit (range 12) 1992 | -8/Materials | Entered Storage 1992 | -8/Storage | Accompanied by 1 ally 2305 | -8/Storage | Core integrity fell below 50% 2305 | -8/Storage | Garrison activated, responded to threat 2311 | -8/Storage | Core integrity fell below 20% 2339 | -8/Storage | Destroyed by Y-45 Defender with Heavy Assault Rifle Last Messages --------------- Broken Prc. Beam Rifle destroyed. Overheating: Energy bleed (-33). Hrd. Heavy Armor Plating destroyed. Power failure, Mic. Nuclear Core shutdown. Overheating: Broken Lgt. Treads damaged (-40). Overheating: Mic. Nuclear Core damaged (-1). Overheating: Lrg. Storage Unit damaged (-30). Overheating: Imp. Light Cannon damaged (-6). K-01 Serf collects debris. Overheating: Energy bleed (-21). Overheating: Matter decay (-15). Imp. Light Cannon destroyed. K-01 Serf collects debris. Overheating: Energy bleed (-12). K-01 Serf collects debris. Power failure, Mic. Nuclear Core shutdown. Overheating: Lrg. Storage Unit damaged (-21). Broken Lgt. Treads destroyed. Mic. Nuclear Core destroyed. M-13 Machinist fits Backup Propulsion I on S-10 Pest. Map ----- +----------------------------------------------------+ | ??????????????????????????# """" # | | ??????????????????????????# # | | ??????????????????????????# # | | ??????????????????????????###+# ### | | ???????????????????????????# | | ???????????????????????????# %[[[ | | ???????????????????????????# =[ [ | | ???????????????????????????# ###### | | ?????????????????????#"Y???# ##??# | | ?????????????????????? ???# #???# | | ?????????????????????? ??# #???# | | ?????????????????????? ??# #???# | | ??????????????????????""""?+ #???? | | ????????????????????? """"?# ###### | | ????????????????? ? """" # | | ?????????????????# """" # | | ?????????????????# + | | ???????????????????########### ###### | | ?????????????????????????????# #????? | | ??????????????????????########+#????? | | ??????????#####???????# #????? | | ??????????# #???????# """" #????? | | ??????????? ????????# "??" #????? | | ??????????? ????????# "??" #????? | | ?????????### #????????# "??" #????? | | ?????????# #@#????????# "??" #????? | | ?????####### #????????# """" #????? | | ??# [s #????????# #????? | | ??# %# #????????# #????? | | ??# """ #Y#############+##### ## | | ??????"*["=#Y | | ??????"== %+ | | ????"=["" =# | | ????"[[?" %###+########" "#######+### | | ????""?" # ?????#"G"#?????????? | | ?????? / ???# " #?????????? | | ?????### ! ??#####?????????? | | ???????##### [[ * #??????????????? | | ???????????##+##+#####??????????????? | | ????????????# ?? #??????????????????? | | ????????????# ?? #??????????????????? | | ????????????# ?? #??????????????????? | | ???????????? ??? ??????????????????? | | ????????????#+???#??????????????????? | | ????????????????????????????????????? | | ????????????????????????????????????? | | ????????????????????????????????????? | | ????????????????????????????????????? | | ????????????????????????????????????? | | ????????????????????????????????????? | +----------------------------------------------------+ Best States ------------- Heat Dissipation 31 Energy Generation 15 Energy Capacity 250 Matter Stores 300 Matter Capacity 300 Sight Range 16 Terrain Scan Density 10 Additional Mass Support 6 Armor Coverage 750 Evasion (%) 40 Targeting Accuracy 5 Recoil Reduction 3 Item Schematics ----------------- None Robot Schematics ------------------ None Fabricated ------------ Nothing Alien Tech Used ----------------- None Achievements -------------- None Challenges ------------ None Game ------ Seed RiotDamperAutogun Manual? 0 Play Time 00:25:13 Cumulative 48.8 hours Start 2020.09.10 @ 13:41:31 End 2020.09.10 @ 14:11:17 Sessions 1 Manual Loads 0 Difficulty Rogue Special Mode None Game No. 156 Rogue 156 Adventurer 0 Explorer 0 Win Type - Total 0 Types 0/0/0/0/0/0/0 Lore% 13 Gallery% 29 Achievement% 14 Wizard Run 0 Options --------- ASCII 1 Keyboard 1 Movement Numpad Keybinds 0 Fullscreen 1 Font 12/Terminus Map View 83x54 Tactical HUD 0 Map Filters NONE Filters NONE Steam 1 RUN: 07331e61-f892-4ac2-a9f0-00c63a68a2ff